 Dungeon Sprint DCSS version 0.17.1-1-g73c8601 (webtiles) character file.

298 Ponchio the Martial Artist (level 8, -1/52 HPs)
             Began as an Octopode Transmuter on Dec 31, 2015.
             Was an Elder of Qazlal.
             Slain by the 27-headed Lernaean hydra (13 damage)
             ... in the Dungeon (Sprint VI: "Thunderdome").
             The game lasted 00:23:46 (790 turns).

Ponchio the Martial Artist (Octopode Transmuter)     Turns: 790, Time: 00:23:46

Health: -1/52      AC:  1    Str: 19    XL:     8   Next: 36%
Magic:  13/33      EV: 21    Int: 22    God:    Qazlal [****..]
Gold:   15         SH:  5    Dex: 27    Spells: 3 memorised, 7 levels left

rFire  . . .     SeeInvis +       - Unarmed
rCold  + . .     Clarity  .     (no shield)
rNeg   + . .     SustAt   .     (helmet restricted)
rPois  +         Gourm    .     y - amulet of Junka {rCorr *Corrode rElec MR+}
rElec  +         Spirit   .     n - ring "Taummoukk" {*Drain rElec MP+9 Int+6}
rCorr  +         Warding  .     o - ring "Fusyxaug" {rN+ MR++ Dex+2 SInv Stlth-}
rMut   .         NoTele   +     p - ring "Fykhowne" {rF+ MR+++}
MR     +++++                    r - ring of Guifuh {rElec MR- Str+3 Dex+4}
Stlth  +.........               s - ring of Zups {MP+9 Str+3 Dex+7}
                                t - ring "Icrinn" {Ice Str+4 SInv}
                                u - ring of the Firefly {Wiz rPois}
                                (no ring)

@: very slightly contaminated, hasted, repel missiles, very quick, almost
entirely resistant to hostile enchantments, very unstealthy
A: almost no armour, amphibious, 8 rings, constrict 8, camouflage 1, gelatinous
body 1
a: Upheaval, Elemental Force, Renounce Religion


You were in the Dungeon.
You worshipped Qazlal.
Qazlal was greatly pleased with you.
You were not hungry.

You visited 1 branch You collected 600 gold pieces.
You spent 585 gold pieces at shops.

Inventory:

Missiles
 a - 12 arrows
Jewellery
 n - the ring "Taummoukk" (left tentacle) {*Drain rElec MP+9 Int+6}
   (You bought it in a shop in the Dungeon)

   [ring of magical power]

   It affects your intelligence (+6).
   It insulates you from electricity.
   It affects your magic capacity (+9).
   It causes draining when unequipped.
 o - the ring "Fusyxaug" (right tentacle) {rN+ MR++ Dex+2 SInv Stlth-}
   (You bought it in a shop in the Dungeon)

   [ring of see invisible]

   It affects your dexterity (+2).
   It protects you from negative energy.
   It affects your resistance to hostile enchantments.
   It lets you see invisible.
   It makes you less stealthy.
 p - the ring "Fykhowne" (on tentacle) {rF+ MR+++}
   (You bought it in a shop in the Dungeon)

   [ring of protection from fire]

   It protects you from fire.
   It affects your resistance to hostile enchantments.
 q - the amulet "Kijyostra" {Spirit SInv}
   (You bought it in a shop in the Dungeon)

   [amulet of guardian spirit]

   It causes incoming damage to be split between your health and magic.
   It lets you see invisible.
 r - the ring of Guifuh (on tentacle) {rElec MR- Str+3 Dex+4}
   (You bought it in a shop in the Dungeon)

   [ring of strength]

   It affects your strength (+3).
   It affects your dexterity (+4).
   It insulates you from electricity.
   It affects your resistance to hostile enchantments.
 s - the ring of Zups (on tentacle) {MP+9 Str+3 Dex+7}
   (You bought it in a shop in the Dungeon)

   [ring of magical power]

   It affects your strength (+3).
   It affects your dexterity (+7).
   It affects your magic capacity (+9).
 t - the ring "Icrinn" (on tentacle) {Ice Str+4 SInv}
   (You bought it in a shop in the Dungeon)

   [ring of ice]

   It enhances your ice magic, and weakens your fire magic.
   It affects your strength (+4).
   It makes you vulnerable to fire.
   It protects you from cold.
   It lets you see invisible.
 u - the ring of the Firefly (on tentacle) {Wiz rPois}
   (You bought it in a shop in the Dungeon)

   [ring of wizardry]

   It improves your spell success rate.
   It protects you from poison.
 v - the amulet "Pimaasm" {rCorr rElec rF- rC+}
   (You bought it in a shop in the Dungeon)

   [amulet of resist corrosion]

   It protects you from acid and corrosion.
   It makes you vulnerable to fire.
   It protects you from cold.
   It insulates you from electricity.
 w - the amulet of Nuikh {Clar rC+ MP-9 Int+4}
   (You bought it in a shop in the Dungeon)

   [amulet of clarity]

   It provides mental clarity.
   It affects your intelligence (+4).
   It protects you from cold.
   It affects your magic capacity (-9).
 x - the amulet "Hyneg" {Spirit Str+2}
   (You bought it in a shop in the Dungeon)

   [amulet of guardian spirit]

   It causes incoming damage to be split between your health and magic.
   It affects your strength (+2).
 y - the amulet of Junka (around mantle) {rCorr *Corrode rElec MR+}
   (You bought it in a shop in the Dungeon)

   [amulet of resist corrosion]

   It protects you from acid and corrosion.
   It insulates you from electricity.
   It affects your resistance to hostile enchantments.
   It may corrode your equipment when you take damage.
 z - the amulet "Dawaisid" {rElec MR+ Regen+}
   (You bought it in a shop in the Dungeon)

   [amulet of regeneration]

   It insulates you from electricity.
   It affects your resistance to hostile enchantments.
   It increases your rate of regeneration.
Wands
 j - a wand of cold (0)
 k - a wand of fire (2)
Scrolls
 i - 4 scrolls of blinking
 l - 3 scrolls of fog
Potions
 d - a potion of curing
 e - 4 potions of heal wounds
 f - 3 potions of haste
 g - 2 potions of magic
 h - a potion of berserk rage
 m - a potion of resistance
Books
 b - a book of Changes

   Spells                             Type                      Level
   a - Beastly Appendage              Transmutation                1
   b - Sticks to Snakes               Transmutation                2
   c - Spider Form                    Transmutation/Poison         3
   d - Ice Form                       Ice/Transmutation            4
   e - Blade Hands                    Transmutation                5
Comestibles
 c - a bread ration


   Skills:
 + Level 3.5 Fighting
 + Level 7.9 Dodging
 + Level 12.5 Unarmed Combat
 + Level 4.9 Spellcasting
 - Level 8.2 Transmutations
 * Level 1.2 Invocations
 - Level 2.5 Evocations


You had 7 spell levels left.
You knew the following spells:

 Your Spells              Type           Power        Failure   Level  Hunger
a - Beastly Appendage     Trmt           #####.       1%          1    None
b - Spider Form           Trmt/Pois      ###.......   3%          3    ##.....
c - Blade Hands           Trmt           #####.....   4%          5    #####..


Dungeon Overview and Level Annotations

Branches:
Dungeon (1/1)

Altars:
Cheibriados
Dithmenos
Fedhas
Gozag
Kikubaaqudgha
Makhleb
Okawaru
Qazlal
Ru
Sif Muna
Trog
Vehumet
Xom
Yredelemnul
Zin
The Shining One
Jiyva
Lugonu

Shops:
D *[%??*?*:[((!!!!

Annotations:
D Lernaean hydra


Innate Abilities, Weirdness & Mutations

You cannot wear most types of armour.
You are amphibious.
You can wear up to eight rings at the same time.
You can use your tentacles to constrict eight enemies at once.
Your skin changes colour to match your surroundings (Stealth).
Your rubbery body absorbs attacks (AC +1).


Message History

The 27-headed Lernaean hydra roars!
Drink which item? (? for menu, Esc to quit)
You feel yourself speed up.
You are very lightly contaminated with residual magic.
You bludgeon the 27-headed Lernaean hydra!
The 27-headed Lernaean hydra is lightly wounded.
The 27-headed Lernaean hydra bites you. The 27-headed Lernaean hydra bites you!
The 27-headed Lernaean hydra bites you!
You block the 27-headed Lernaean hydra's attack.
The 27-headed Lernaean hydra misses you.
You block the 27-headed Lernaean hydra's attack.
The 27-headed Lernaean hydra barely misses you.
The 27-headed Lernaean hydra bites you. x2
* * * LOW HITPOINT WARNING * * *
The 27-headed Lernaean hydra bites you.
* * * LOW HITPOINT WARNING * * *
The 27-headed Lernaean hydra bites you.
* * * LOW HITPOINT WARNING * * *
The 27-headed Lernaean hydra bites you!
You die...

##∩.....∩## #∩.......∩#
#_......._# #_......._#
#(......._# ###.........###
#⌠§(.........⌠#
######§8.D.......8.######
##∩_._§..@..###.......§_∩#
###∩....(§..8.# #.8........∩
##.........§§..###...........
#⌠..(.).....###...###........
#⌠..........# #.<.# #........
#⌠.......(..###†..###........
##.............###...........
###∩........8.# #.8........∩
##∩.._(...[÷###......___∩#


You could see the 27-headed Lernaean hydra.

Vanquished Creatures
  A kobold demonologist (D)
  A basilisk (D)
  A soldier ant (D)
  A porcupine (D)
  4 big kobolds (D)
  A killer bee (D)
  2 sheep (D)
  A hell rat (D)
  3 worker ants (D)
  A river rat (D)
  6 oozes (D)
  2 kobolds (D)
24 creatures vanquished.

Notes
Turn   | Place    | Note
--------------------------------------------------------------
     0 | D        | Ponchio the Octopode Transmuter began the quest for the Orb.
     0 | D        | Reached XP level 1. HP: 13/13 MP: 3/3
     2 | D        | Found a shimmering altar of Xom.
     2 | D        | Found a blossoming altar of Fedhas.
     3 | D        | Found a glowing silver altar of Zin.
     4 | D        | Found a burning altar of Makhleb.
     5 | D        | Found Huwaton's Identification Station.
     5 | D        | Found a bloodstained altar of Trog.
     5 | D        | Found Liodup's Bee Food.
     5 | D        | Round 1.
     6 | D        | Found Yvvaocui's Advanced Armour.
     6 | D        | Found Lenusch's Jewellery.
    12 | D        | Found a viscous altar of Jiyva.
    13 | D        | Found a corrupted altar of Lugonu.
    13 | D        | Noticed a killer bee
    16 | D        | Killed a killer bee
    16 | D        | Reached skill level 5 in Unarmed Combat
    16 | D        | Reached skill level 1 in Evocations
    16 | D        | Reached XP level 2. HP: 18/18 MP: 3/5
    16 | D        | Reached XP level 3. HP: 23/23 MP: 4/7
    26 | D        | Noticed a worker ant
    28 | D        | Killed a worker ant
    28 | D        | Reached skill level 6 in Unarmed Combat
    28 | D        | Reached XP level 4. HP: 28/28 MP: 5/8
    49 | D        | Bought a smoking amber ring for 45 gold pieces
    49 | D        | Bought a twitching glass ring for 45 gold pieces
    49 | D        | Bought a coiled steel ring for 45 gold pieces
    49 | D        | Bought a slimy garnet amulet for 45 gold pieces
    49 | D        | Identified the ring "Taummoukk" {*Drain rElec MP+9 Int+6} (You bought it in a shop in the Dungeon)
    50 | D        | Identified the ring "Fusyxaug" {rN+ MR++ Dex+2 SInv Stlth-} (You bought it in a shop in the Dungeon)
    51 | D        | Identified the ring "Fykhowne" {rF+ MR+++} (You bought it in a shop in the Dungeon)
    52 | D        | Identified the amulet "Kijyostra" {Spirit SInv} (You bought it in a shop in the Dungeon)
    57 | D        | Reached skill level 7 in Unarmed Combat
   136 | D        | Noticed a soldier ant
   140 | D        | Killed a soldier ant
   140 | D        | Reached skill level 8 in Unarmed Combat
   140 | D        | Reached XP level 5. HP: 21/33 MP: 11/11
   145 | D        | Learned a level 3 spell: Spider Form
   163 | D        | Found Wousait's Magic Scroll Shop.
   165 | D        | Found a shadowy altar of Dithmenos.
   165 | D        | Found a radiant altar of Vehumet.
   165 | D        | Found an iron altar of Okawaru.
   165 | D        | Found Qeujicu's Staff Store.
   169 | D        | Arena points: 12 (+12) [x2]
   169 | D        | Reached skill level 9 in Unarmed Combat
   169 | D        | Reached XP level 6. HP: 23/38 MP: 12/13
   214 | D        | Round 2.
   215 | D        | Found a glowing golden altar of the Shining One.
   215 | D        | Found a stormy altar of Qazlal.
   216 | D        | Found a deep blue altar of Sif Muna.
   216 | D        | Found a basalt altar of Yredelemnul.
   217 | D        | Found a sacrificial altar of Ru.
   221 | D        | Found Ruofextese's Weapon Rack.
   221 | D        | Found Veipneqiri's Premium Goods.
   222 | D        | Found Odwuf's Basic Armour.
   222 | D        | Found Aryeve's Miscellaneous Merchandise.
   264 | D        | Found Gutied's Magic Scroll Shop.
   264 | D        | Found Faxiro's Must-Have Magic.
   291 | D        | Became a worshipper of Qazlal Stormbringer
   299 | D        | Found an opulent altar of Gozag.
   301 | D        | Found Loeciojo's Do-It-Yourself Clinic.
   302 | D        | Found a snail-covered altar of Cheibriados.
   302 | D        | Found an ancient bone altar of Kikubaaqudgha.
   302 | D        | Found Vablao's Distillery.
   303 | D        | Found Agumul Toul's Bottled Wisdom.
   303 | D        | Found Vipetz's Distillery.
   346 | D        | Reached * piety under Qazlal
   349 | D        | Arena points: 54 (+42) [x3]
   349 | D        | Reached skill level 5 in Dodging
   367 | D        | Bought a bound platinum ring for 45 gold pieces
   367 | D        | Bought a scintillating steel ring for 45 gold pieces
   367 | D        | Identified the ring of Guifuh {rElec MR- Str+3 Dex+4} (You bought it in a shop in the Dungeon)
   368 | D        | Identified the ring of Zups {MP+9 Str+3 Dex+7} (You bought it in a shop in the Dungeon)
   418 | D        | Round 3.
   439 | D        | Noticed a porcupine
   447 | D        | Killed a porcupine
   447 | D        | Reached ** piety under Qazlal
   447 | D        | Reached skill level 10 in Unarmed Combat
   447 | D        | Reached skill level 5 in Transmutations
   454 | D        | Learned a level 5 spell: Blade Hands
   487 | D        | Noticed a basilisk
   495 | D        | Killed a basilisk
   495 | D        | Reached skill level 11 in Unarmed Combat
   495 | D        | Reached XP level 7. HP: 32/45 MP: 14/14
   506 | D        | Reached *** piety under Qazlal
   506 | D        | Arena points: 138 (+84) [x4]
   521 | D        | Bought a vibrating glass ring for 45 gold pieces
   521 | D        | Bought a heavily runed iron ring for 45 gold pieces
   521 | D        | Identified the ring "Icrinn" {Ice Str+4 SInv} (You bought it in a shop in the Dungeon)
   522 | D        | Identified the ring of the Firefly {Wiz rPois} (You bought it in a shop in the Dungeon)
   587 | D        | Round 4.
   676 | D        | Noticed a kobold demonologist
   678 | D        | Reached skill level 12 in Unarmed Combat
   691 | D        | Reached **** piety under Qazlal
   705 | D        | Killed a kobold demonologist
   705 | D        | Reached XP level 8. HP: 52/52 MP: 15/15
   710 | D        | Arena points: 298 (+160) [x5]
   710 | D        | Reached skill level 1 in Invocations
   722 | D        | Bought a pitted silver amulet for 45 gold pieces
   722 | D        | Bought a bound ivory amulet for 45 gold pieces
   722 | D        | Bought a glittering bronze amulet for 45 gold pieces
   722 | D        | Bought a scorched lead amulet for 45 gold pieces
   722 | D        | Bought a sparkling zirconium amulet for 45 gold pieces
   723 | D        | Identified the amulet "Pimaasm" {rCorr rElec rF- rC+} (You bought it in a shop in the Dungeon)
   725 | D        | Identified the amulet of Nuikh {Clar rC+ MP-9 Int+4} (You bought it in a shop in the Dungeon)
   727 | D        | Identified the amulet "Hyneg" {Spirit Str+2} (You bought it in a shop in the Dungeon)
   729 | D        | Identified the amulet of Junka {rCorr *Corrode rElec MR+} (You bought it in a shop in the Dungeon)
   731 | D        | Identified the amulet "Dawaisid" {rElec MR+ Regen+} (You bought it in a shop in the Dungeon)
   776 | D        | Round 5.
   786 | D        | Noticed the 27-headed Lernaean hydra
   790 | D        | Slain by the 27-headed Lernaean hydra

Action                   |  1- 3 |  4- 6 |  7- 9 || total
-------------------------+-------+-------+-------++-------
Melee: Unarmed           |       |    33 |    18 ||    51
 Cast: Spider Form       |       |     3 |       ||     3
       Blade Hands       |       |       |     2 ||     2
Evoke: Wand              |     3 |     5 |       ||     8
  Use: Potion            |       |       |     1 ||     1
